 Dungeon Crawl Stone Soup version 0.19-a0-32-gbfd796a (webtiles) character file.

145366 Folque01 the Peltast (level 16, -5/151 HPs)
             Began as a Minotaur Fighter on May 1, 2016.
             Was a High Priest of Qazlal.
             Killed by divine providence
             ... invoked by an orc priest
              (17 damage)
             ... on level 2 of the Orcish Mines on May 2, 2016.
             The game lasted 07:16:48 (23750 turns).

Folque01 the Peltast (Minotaur Fighter)            Turns: 23750, Time: 07:16:49

Health: -5/151     AC: 16    Str: 27    XL:     16   Next: 87%
Magic:  13/21      EV: 14    Int:  3    God:    Qazlal [*****.]
Gold:   2429       SH: 26    Dex: 13    Spells: 0 memorised, 15 levels left

rFire  + + .     SeeInvis +     n - +6 scimitar of Flaming Death {sticky flame, rPois rF++ rC- MR+}
rCold  + + +     Gourm    .     o - +5 ice dragon armour
rNeg   . . .     Faith    .     i - +4 shield
rPois  +         Spirit   .     (helmet unavailable)
rElec  .         Dismiss  .     (no cloak)
rCorr  .         Reflect  .     g - +0 pair of gloves {archery}
SustAt .         Harm     .     (no boots)
MR     +++..                    (no amulet)
Stlth  ..........               W - ring "Gaobeju" {rPois rC+ SInv}
                                F - ring of protection from magic

@: protected from physical damage, corroded, repel missiles, drained, extremely
resistant to hostile enchantments, extremely unstealthy
A: retaliatory headbutt, horns 3, agile 1, cold resistance 1, deterioration 1,
dopey 1, fire resistance 1, wild magic 1, evolution 1
a: Upheaval, Elemental Force, Disaster Area, Renounce Religion


You were on level 2 of the Orcish Mines.
You worshipped Qazlal.
Qazlal was extremely pleased with you.
You were not hungry.

You visited 4 branches of the dungeon, and saw 26 of its levels.
You also visited: Ossuary and Bailey.

You collected 2429 gold pieces.

Inventory:

Hand Weapons
 n - the +6 scimitar of Flaming Death (weapon) {sticky flame, rPois rF++ rC- MR+}
   (You took it off Azrael on level 15 of the Dungeon)

   It has been specially enchanted to burn those struck by it, causing extra
   injury to most foes and up to half again as much damage against particularly
   susceptible opponents.
   Big, fiery blades are also staple armaments of hydra-hunters.
   It greatly protects you from fire.
   It makes you vulnerable to cold.
   It protects you from poison.
   It affects your resistance to hostile enchantments.
 U - a +2 rapier of venom
Missiles
 p - 32 tomahawks
 r - 11 javelins of returning (quivered)
 G - 4 throwing nets
 O - 3 tomahawks of returning
Armour
 g - a +0 pair of gloves of archery (worn)
 i - a +4 shield (worn)
 o - a +5 ice dragon armour (worn)
 v - a +1 hat
Jewellery
 x - the amulet of Sakux {Regen+ Str+7 Dex-5}
   (You acquired it on level 7 of the Dungeon)

   [amulet of regeneration]

   It affects your strength (+7).
   It affects your dexterity (-5).
   It increases your rate of regeneration.
 z - a +1 ring of protection
 C - an uncursed amulet of magic regeneration
 F - a ring of protection from magic (left hand)
 P - the amulet "Yxifyaz" {Dismiss rPois MR- Int-5 Dex+10}
   (You found it on level 15 of the Dungeon)

   [amulet of dismissal]

   It may teleport away creatures that harm you.
   It affects your intelligence (-5).
   It affects your dexterity (+10).
   It protects you from poison.
   It affects your resistance to hostile enchantments.
 W - the ring "Gaobeju" (right hand) {rPois rC+ SInv}
   (You found it on level 9 of the Dungeon)

   [ring of poison resistance]

   It protects you from cold.
   It protects you from poison.
   It lets you see invisible.
 Y - an uncursed ring of positive energy
Wands
 a - a wand of iceblast (3/15)
 m - a wand of digging (8/24)
 q - a wand of iceblast (12/15)
 t - a wand of flame (20/48)
 I - a wand of acid (0/15)
 J - a wand of iceblast (7/15)
 L - a wand of disintegration (10/24)
 N - a wand of paralysis (14/24)
 Q - a wand of lightning (3/15)
 R - a wand of lightning (2/15)
 V - a wand of teleportation (2/9)
 X - a wand of polymorph (16/24)
Scrolls
 w - 5 scrolls of recharging
 y - 5 scrolls of remove curse
 B - 9 scrolls of teleportation
 E - 6 scrolls of blinking
 K - 2 scrolls of fog
 M - 2 scrolls of magic mapping
 T - 9 scrolls of identify
Potions
 b - 6 potions of heal wounds
 d - 4 potions of might
 e - a potion of cancellation
 h - 4 potions of magic
 k - a potion of invisibility
 l - 8 potions of curing
 s - 5 potions of haste
 A - a potion of flight
 D - 3 potions of agility
Miscellaneous
 j - a disc of storms
Comestibles
 c - 2 slices of pizza
 f - 17 bread rations
 u - 13 meat rations
 H - 2 beef jerkies
 S - 7 fruits


   Skills:
 - Level 16.0(15.2) Fighting
 * Level 13.8(13.2) Long Blades
 - Level 9.0(8.4) Throwing
 - Level 14.0(13.3) Armour
 - Level 8.1(7.5) Dodging
 + Level 17.7(17.0) Shields
 - Level 8.1(7.5) Invocations


You had 15 spell levels left.
You didn't know any spells.

Dungeon Overview and Level Annotations

Branches:
Dungeon (15/15)            Temple (1/1) D:5            Lair (8/8) D:10
  Swamp (0/4) Lair:6        Snake (0/4) Lair:4        Slime (0/6) Lair:7
    Orc (2/2) D:12         Vaults (0/5) D:14         Depths (0/5) D:15
    Elf: Orc:2

Altars:
Ashenzari
Cheibriados
Dithmenos
Elyvilon
Fedhas
Gozag
Kikubaaqudgha
Makhleb
Nemelex Xobeh
Okawaru
Pakellas
Qazlal
Ru
Sif Muna
Trog
Vehumet
Xom
Yredelemnul
Zin
The Shining One

Shops:
D:5 [   D:14 %

Portals:
Trove: D:13 (give wand of hasting (9))


Innate Abilities, Weirdness & Mutations

You reflexively headbutt those who attack you in melee.
You have a pair of large horns on your head.
You are agile. (Dex +2)
Your flesh is cold resistant.
Your body sometimes deteriorates upon taking damage.
You are dopey. (Int -2)
Your flesh is heat resistant.
Your spells are a little harder to cast, but a little more powerful.
You evolve.


Message History

The orc warrior is almost dead.
You block the sun demon's attack. x2
The orc priest is engulfed in freezing vapours.
The orc sorcerer gestures at you while chanting.
The bolt of negative energy hits you!
You feel drained.
* * * LOW HITPOINT WARNING * * *
The orc high priest is engulfed in roaring flames.
The orc high priest hits you from afar with a trident.
* * * LOW HITPOINT WARNING * * *
You slash the orc warrior! You burn the orc warrior.
You kill the orc warrior!
Qazlal accepts your kill.
Your surroundings seem slightly different.
You block the soul eater's attack.
The orc priest invokes the aid of Beogh against you.
Beogh smites you!
* * * LOW HITPOINT WARNING * * *
The orc priest invokes the aid of Beogh against you.
Beogh smites you!
You die...

.# #........ ....
#......... .....##
##.........
.....#.##..........
.......#..[[.......
#...)....[.......
#.......§[.(....
##..§..§o4§.###.
#.....@3o3#.#
###...§34§###
###.ooo)# #[o§o##
#.)### #)([#
#...[)## ##....#
###.)#


You could see a soul eater, 2 orc high priests, 2 sun demons, an orange demon, a
sixfirhy, an orc sorcerer, 2 orc priests and 2 orc wizards.

Vanquished Creatures
  Kirke (D:15)
  An orc warlord (Orc:2)
  Louise (D:15)
  Azrael (D:15)
  Nessos (D:14)
  Snorg (D:14)
  The ghost of Sl000nik the Unseen, a journeyman SpEn of Okawaru (Lair:8)
  3 fire dragons
  4 vault guards (D:14)
  Josephine (D:15)
  5 hydras
  Fannar (Lair:3)
  2 catoblepae
  2 centaur warriors
  A death knight (D:15)
  2 tengu warriors (D:14)
  3 death yaks (Lair:8)
  An orc high priest (Orc:2)
  3 unseen horrors
  6 lindwurms
  6 orc knights
  3 hill giants
  4 manticores
  5 orc sorcerers
  6 ugly things
  14 elephants
  4 cyclopes
  4 black mambas
  2 gargoyles (D:13)
  16 spiny frogs
  5 freezing wraiths
  13 komodo dragons
  8 rime drakes
  12 polar bears
  7 trolls
  2 slime creatures (D:15)
  3 raiju (Lair:8)
  2 two-headed ogres
  11 blink frogs
  A boulder beetle (Lair:7)
  The ghost of Sl000nik the Skirmisher, an amateur SpAK of Lugonu (D:5)
  A centaur simulacrum (D:10)
  Sigmund (D:3)
  A shadow (D:14)
  5 wraiths
  A wyvern (Lair:4)
  4 basilisks
  13 fire elementals (D:15)
  2 hogs (D:15)
  44 yaks
  3 hungry ghosts
  3 steam dragons
  10 hippogriffs
  8 vampire mosquitoes
  6 swamp worms (Lair:6)
  A soldier ant (D:11)
  3 nagas (Lair:4)
  17 water moccasins
  6 wargs
  7 hell hounds (Lair:8)
  7 ice beasts
  40 orc warriors
  3 swamp drakes (Lair:8)
  9 porcupines
  4 sky beasts
  13 black bears (Lair:8)
  2 wasps
  An eye of draining (D:13)
  3 phantoms
  30 wolves
  2 necrophages
  8 ogres
  15 centaurs
  13 crocodiles
  An elf zombie (D:6)
  A big kobold (D:13)
  14 giant frogs
  An elf skeleton (D:6)
  3 water moccasin zombies (Ossuary)
  3 scorpions
  2 troll zombies (D:12)
  15 killer bees
  10 wights (D:11)
  2 electric eels
  5 howler monkeys
  5 crimson imps
  6 centaur zombies
  A lava snake (Lair:1)
  2 giant frog zombies
  The ghost of Sl000nik the Grasshopper, a weakling SpWr (D:3)
  16 hounds
  A jelly (D:7)
  18 orc wizards
  20 orc priests
  2 giant frog skeletons
  5 gnoll shamans (D:6)
  5 centaur skeletons
  14 iguanas
  6 worker ants
  4 big kobold zombies (Ossuary)
  6 ogre zombies (D:12)
  52 sheep
  2 mummies (Ossuary)
  2 worker ant zombies
  A hound skeleton (D:6)
  A killer bee simulacrum (D:10)
  46 gnolls
  7 adders
  50 river rats
  2 shadow imps
  4 white imps (D:10)
  An ooze (D:5)
  4 adder zombies (Ossuary)
  An adder skeleton (D:9)
  5 dart slugs
  4 giant geckos
  85 orcs
  2 bat zombies (D:7)
  4 giant cockroaches
  9 goblins
  4 hobgoblins
  23 jackals
  12 kobolds
  8 quokkas
  2 ball pythons
  13 bats
  8 giant newts
  A gnoll zombie (Ossuary)
  A goblin skeleton (D:12)
  4 goblin zombies (D:12)
  2 hobgoblin skeletons (D:12)
  9 hobgoblin zombies
  6 kobold zombies (Ossuary)
  9 orc skeletons
  15 orc zombies
  A quokka skeleton (D:5)
  A quokka zombie (D:5)
  18 rats
  A rat zombie (D:7)
  85 fungi
  50 plants
1180 creatures vanquished.

Vanquished Creatures (collateral kills)
  A yak (Lair:1)
  An orc priest (Orc:1)
  3 orc wizards (Orc:1)
  2 orcs (Orc:1)
7 creatures vanquished.

Vanquished Creatures (others)
  A spiny frog (Lair:7)
  A human (D:15)
  A basilisk (Lair:8)
  A sheep (Lair:7)
  An orc (D:15)
  12 fungi
  15 plants
32 creatures vanquished.

Grand Total: 1219 creatures vanquished

Notes
Turn   | Place    | Note
--------------------------------------------------------------
     0 | D:1      | Folque01 the Minotaur Fighter began the quest for the Orb.
     0 | D:1      | Reached XP level 1. HP: 19/19 MP: 0/0
   178 | D:1      | Reached XP level 2. HP: 27/27 MP: 1/1
   193 | D:1      | Reached skill level 4 in Shields
   684 | D:2      | Found a glowing golden altar of the Shining One.
   755 | D:2      | Reached XP level 3. HP: 32/33 MP: 2/2
  1585 | D:3      | Noticed Sigmund
  1595 | D:3      | Killed Sigmund
  1595 | D:3      | Reached skill level 5 in Fighting
  1595 | D:3      | Reached skill level 1 in Throwing
  1595 | D:3      | Reached XP level 4. HP: 31/42 MP: 3/3
  1595 | D:3      | Reached XP level 5. HP: 35/48 MP: 4/4
  1716 | D:3      | Noticed Sl000nik's ghost (weakling SpWr)
  1733 | D:3      | Killed Sl000nik's ghost
  1738 | D:3      | Found a shattered altar of Ashenzari.
  2068 | D:3      | Found a sacrificial altar of Ru.
  2198 | D:4      | Reached XP level 6. HP: 57/57 MP: 5/5
  2234 | D:4      | Reached skill level 5 in Long Blades
  2776 | D:4      | Found a blossoming altar of Fedhas.
  2776 | D:4      | Found a shadowy altar of Dithmenos.
  2807 | D:5      | Entered Level 5 of the Dungeon
  2807 | D:5      | Noticed Sl000nik's ghost (amateur SpAK)
  2816 | D:5      | Killed Sl000nik's ghost
  2816 | D:5      | Reached skill level 5 in Armour
  2816 | D:5      | Reached skill level 1 in Dodging
  2816 | D:5      | Reached XP level 7. HP: 63/64 MP: 6/6
  2828 | D:5      | Found a staircase to the Ecumenical Temple.
  2832 | D:5      | Found a deep blue altar of Sif Muna.
  3013 | D:5      | Found Roukung's Antique Armour Shop.
  3336 | D:5      | Reached XP level 8. HP: 69/74 MP: 7/7
  3349 | Temple   | Entered the Ecumenical Temple
  3597 | Temple   | Became a worshipper of Qazlal Stormbringer
  3939 | D:6      | Found a sparkling altar of Nemelex Xobeh.
  4079 | D:6      | Found a sand-covered staircase.
  4114 | Ossuary  | Entered an ossuary
  4190 | Ossuary  | Reached * piety under Qazlal
  4524 | D:6      | Reached skill level 5 in Shields
  4706 | D:6      | Reached ** piety under Qazlal
  4767 | D:6      | Reached XP level 9. HP: 72/83 MP: 8/8
  4843 | D:6      | Reached skill level 6 in Shields
  5273 | D:6      | Found a burning altar of Makhleb.
  5518 | D:6      | Reached skill level 5 in Dodging
  5624 | D:6      | Reached *** piety under Qazlal
  6009 | D:7      | Found an ancient bone altar of Kikubaaqudgha.
  6234 | D:7      | Found a flagged portal.
  6246 | Bailey   | Entered a bailey
  6365 | Bailey   | Reached skill level 7 in Shields
  6444 | Bailey   | Reached **** piety under Qazlal
  6448 | Bailey   | Reached skill level 10 in Armour
  6528 | Bailey   | Reached XP level 10. HP: 62/91 MP: 9/9
  7075 | D:7      | Identified a scroll of acquirement
  7076 | D:7      | Got a twitching iron amulet
  7077 | D:7      | Identified the amulet of Sakux {Regen+ Str+7 Dex-5} (You acquired it on level 7 of the Dungeon)
  7861 | D:9      | Reached skill level 10 in Fighting
  8077 | D:9      | Got a sparkling marble ring
  8080 | D:9      | Identified the ring "Gaobeju" {rPois rC+ SInv} (You found it on level 9 of the Dungeon)
  8270 | D:9      | Reached skill level 12 in Shields
  8270 | D:9      | Reached XP level 11. HP: 99/99 MP: 10/10
  8272 | D:10     | Entered Level 10 of the Dungeon
  8509 | D:10     | Gained mutation: Your flesh is cold resistant. [mutagenic meat]
  8653 | D:10     | Reached ***** piety under Qazlal
  8782 | D:10     | Reached skill level 10 in Long Blades
  8861 | D:10     | Found a staircase to the Lair.
  8883 | Lair:1   | Entered Level 1 of the Lair of Beasts
  8983 | Lair:1   | Found a basalt altar of Yredelemnul.
  9089 | Lair:1   | Reached skill level 13 in Shields
  9089 | Lair:1   | Reached XP level 12. HP: 108/108 MP: 11/11
  9615 | Lair:1   | Found a dark tunnel.
 10177 | Lair:2   | Upgraded the game from 0.19-a0-27-g415f530 to 0.19-a0-32-gbfd796a
 10912 | Lair:3   | Noticed Fannar
 10942 | Lair:3   | Killed Fannar
 10942 | Lair:3   | Reached skill level 14 in Shields
 11769 | Lair:4   | Found a staircase to the Snake Pit.
 11834 | Lair:4   | Noticed a five-headed hydra
 11843 | Lair:4   | Killed a five-headed hydra
 11851 | Lair:4   | Reached skill level 5 in Throwing
 12269 | Lair:4   | Noticed a seven-headed hydra
 12282 | Lair:4   | Killed a seven-headed hydra
 13001 | Lair:5   | Found a labyrinth entrance.
 13013 | Lair:5   | Reached XP level 13. HP: 96/118 MP: 12/12
 13407 | Lair:5   | Got a translucent falchion
 13409 | Lair:5   | Identified the cursed +3 falchion "Xuamm" {drain, rElec rF+ MP+9} (You found it on level 5 of the Lair of Beasts)
 13415 | Lair:5   | Gained mutation: You are dopey. (Int -2) [potion of mutation]
 13415 | Lair:5   | Gained mutation: You evolve. [potion of mutation]
 14437 | Lair:6   | Reached ****** piety under Qazlal
 14773 | Lair:6   | Found a staircase to the Swamp.
 15215 | Lair:7   | Found a staircase to the Slime Pits.
 15929 | Lair:8   | Entered Level 8 of the Lair of Beasts
 15996 | Lair:8   | Reached XP level 14. HP: 83/129 MP: 13/13
 16000 | Lair:8   | Noticed Sl000nik's ghost (journeyman SpEn)
 16017 | Lair:8   | Killed Sl000nik's ghost
 16462 | Lair:8   | Reached skill level 1 in Invocations
 17039 | Lair:8   | Reached skill level 15 in Shields
 17262 | Lair:8   | Gained mutation: Your muscles are strong. (Str +2) [evolution]
 18125 | Lair:1   | Gained mutation: Your flesh is heat resistant. [potion of beneficial mutation]
 18507 | D:11     | Reached skill level 16 in Shields
 18507 | D:11     | Reached XP level 15. HP: 135/139 MP: 17/17
 18603 | D:11     | Reached skill level 15 in Fighting
 19393 | D:12     | Found a staircase to the Orcish Mines.
 19761 | D:13     | Found a portal to a secret trove of treasure.
 19767 | D:13     | Gained mutation: Your magical capacity is low (-10% MP). [evolution]
 19928 | D:13     | Reached XP level 16. HP: 148/151 MP: 16/16
 19969 | D:13     | Found a glowing silver altar of Zin.
 20505 | D:14     | Noticed Snorg
 20517 | D:14     | Killed Snorg
 20564 | D:14     | Noticed Nessos
 20577 | D:14     | Reached skill level 17 in Shields
 20579 | D:14     | Killed Nessos
 20581 | D:14     | Found Uthaurph's Food Boutique.
 20814 | D:14     | Reached skill level 5 in Invocations
 21059 | D:14     | Found a gate to the Vaults.
 21456 | D:15     | Entered Level 15 of the Dungeon
 21458 | D:15     | Noticed Kirke
 21481 | D:15     | Killed Kirke
 21546 | D:15     | Found a shattered altar of Ashenzari.
 21646 | D:15     | Noticed Josephine
 21652 | D:15     | Killed Josephine
 21777 | D:15     | Noticed Louise
 21804 | D:15     | Killed Louise
 21968 | D:15     | Noticed Azrael
 21982 | D:15     | Killed Azrael
 22083 | D:15     | Got a twitching crystal amulet
 22084 | D:15     | Lost intelligence.
 22084 | D:15     | Identified the amulet "Yxifyaz" {Dismiss rPois MR- Int-5 Dex+10} (You found it on level 15 of the Dungeon)
 22172 | D:15     | Found a staircase to the Depths.
 22489 | Lair:1   | Gained mutation: You are agile. (Dex +2) [potion of mutation]
 22489 | Lair:1   | Gained mutation: Your body sometimes deteriorates upon taking damage. [potion of mutation]
 22490 | Lair:1   | Lost mutation: Your magical capacity is low (-10% MP). [potion of mutation]
 22490 | Lair:1   | Gained mutation: You have a pair of large horns on your head. [potion of mutation]
 22491 | Lair:1   | Lost mutation: You are dopey. (Int -2) [potion of mutation]
 22491 | Lair:1   | Gained mutation: You are dopey. (Int -2) [potion of mutation]
 22492 | Lair:1   | Gained mutation: Your spells are a little harder to cast, but a little more powerful. [potion of mutation]
 22492 | Lair:1   | Lost mutation: Your muscles are strong. (Str +2) [potion of mutation]
 22684 | Orc:1    | Entered Level 1 of the Orcish Mines
 23029 | Orc:2    | Entered Level 2 of the Orcish Mines
 23750 | Orc:2    | Killed from afar by an orc priest

Vault maps used:
D:1:      dpeg_arrival_shelter, st_stairs_3
D:2:      lemuel_crystal_altar
D:3:      old_standard_altar, first_bread, grunt_decor_cap,
          nicolae_ru_the_path_less_chosen, uniq_sigmund
D:4:      gammafunk_temple_overflow_statue
D:5:      minmay_temple_entry_glassed_door, serial_shops, shop_statue,
          basic_altar, hangedman_abyss_or_decor_passed, dk_vineyard_2
D:6:      lemuel_castle_with_subvaults, nemelex_deck,
          nicolae_ossuary_entry_catacombs, minmay_liquid_box,
          serial_bayou_lagoon_a, makhleb_blood_cavern_becter
D:7:      lemuel_zombie_altar_kikubaaqudgha, enter_bailey_2
D:10:     grunt_lair_entry_orc_guard_hut, serial_ice, serial_ice_c,
          serial_ice_k, serial_ice_b, serial_ice_f
D:12:     zombieorc2_lemuel
D:13:     special_room, basic_altar, enter_trove_1
D:14:     lightli_vaults_fourway_checkpoint, serial_shops, shop,
          grunt_tengu_nest, minmay_misc_feat_diagonals, uniq_snorg, uniq_nessos
D:15:     grunt_enter_depths_hoard, nicolae_ashenzari_panopticon,
          minmay_guarded_unrand_flaming_death, uniq_kirke, uniq_louise,
          uniq_josephine
Temple:   chambers_temple_14
Lair:1:   nicolae_volcano_entry_vermiform, basic_altar, wad_woods_road_03,
          beast_lair_carwin_4
Lair:2:   grunt_megastairs_4
Lair:3:   uniq_fannar
Lair:4:   minmay_snake_entry_guardpost_small
Lair:5:   lab_entry_generic, minivault_27
Lair:6:   nicolae_swamp_entry_splash_gauntlet
Lair:7:   slime_dummy, beast_lair_carwin_11, infiniplex_staircase_pool,
          lemuel_fruit_tree
Lair:8:   guppyfry_lair_end_dragon, hangedman_lair_caniforms_friends,
          st_stairs_4, minmay_lindwurm_lava
Orc:2:    st_orc_congregation
Ossuary:  ossuary_tomb_2
Bailey:   bailey_polearm_flooded_kennysheep, bailey

Skill      XL: |  1  2  3  4  5  6  7  8  9 10 11 12 13 14 15 16 |
---------------+-------------------------------------------------+-----
Fighting       | 4 5 6 7 9 10 12 13 14 15 16 | 16.0
Shields        | 4 5 7 12 13 14 16 17 | 17.7
Armour         | 4 5 6 8 10 12 14 | 14.0
Long Blades    | 4 5 8 10 12 13 | 13.8
Throwing       | 1 2 4 6 8 9 |  9.0
Dodging        | 1 2 4 6 8 |  8.1
Invocations    | 4 8 |  8.1

Action                   |  1- 3 |  4- 6 |  7- 9 | 10-12 | 13-15 | 16-18 || total
-------------------------+-------+-------+-------+-------+-------+-------++-------
Melee: Long sword        |   115 |    52 |   510 |   569 |    43 |       ||  1289
       Headbutt          |    19 |     4 |   114 |   136 |   293 |   189 ||   755
       Unarmed           |     2 |       |       |       |       |       ||     2
       Rapier            |       |       |       |    20 |     9 |       ||    29
       Falchion          |       |       |       |       |  1170 |   523 ||  1693
       Scimitar          |       |       |       |       |       |   142 ||   142
Throw: Stone             |    20 |     2 |       |     2 |       |       ||    24
       Tomahawk          |     4 |    13 |    36 |    30 |       |       ||    83
       Javelin           |       |       |    13 |    12 |    54 |     6 ||    85
Invok: Elemental Force   |       |       |       |     1 |     1 |     1 ||     3
       Upheaval          |       |       |       |     1 |     3 |     4 ||     8
       Disaster Area     |       |       |       |       |     1 |     7 ||     8
Evoke: Wand              |       |       |     3 |     2 |       |     7 ||    12
       Box of beasts     |       |       |       |     1 |       |       ||     1
       Disc of storms    |       |       |       |       |     1 |     1 ||     2
  Use: Scroll            |     7 |     6 |     8 |    20 |    10 |     4 ||    55
       Potion            |       |       |       |     2 |     9 |    10 ||    21
 Stab: Distracted        |       |       |     1 |       |       |     1 ||     2
       Petrified         |       |       |       |       |       |     1 ||     1
  Eat: Chunk             |     2 |     4 |    13 |    21 |    25 |    14 ||    79
       Fruit             |       |       |       |     1 |       |       ||     1
Armor: Scale mail        |    33 |       |       |       |       |       ||    33
       Ice dragon armour |    34 |    26 |   176 |   141 |   152 |   108 ||   637
Dodge: Dodged            |    28 |    17 |   143 |   165 |   211 |   124 ||   688
       Deflected         |       |       |     2 |     9 |     7 |     9 ||    27
Block: Shield            |    53 |    25 |   367 |   562 |  1107 |   652 ||  2766
